Map: Acropolis LE

Players

Mez

  • Race: Terran Terran
  • League: Master
  • Spawn Location: 5:00

A.I. 1 (Very Easy) - Winner!

  • Race: Protoss Protoss
  • Spawn Location: 11:00

VOD

Have the link to the VOD?

Description

Time

  • Played on: Aug. 9, 2019, 5:36 p.m.
  • Length: 5:27
Show
View Real Time Build Order
Export as new Build Order

Mez Terran 

Build Orders: Reaper Expand 

Get SALT Encoding   

  12  0:01  SCV  
  13  0:14  SCV  
  14  0:18  Supply Depot  
  14  0:26  SCV  
  15  0:39  SCV  
  15  0:41  Barracks  
  16  0:44  Refinery  
  16  0:51  SCV  
  17  1:04  SCV  
  18  1:16  SCV  
  19  1:28  Reaper, Orbital Command  
  20  1:40  Command Center  
  20  1:46  Bunker  
  20  1:55  SCV  
  21  2:01  Barracks Reactor  
  21  2:03  Supply Depot  
  21  2:12  SCV  
  22  2:25  SCV  
  23  2:31  Command Center  
  23  2:37  SCV  
  23  2:44  Factory  
  24  2:45  Marine x2  
  24  2:50  SCV  
  27  2:56  Orbital Command  
  27  3:02  SCV  
  27  3:03  Marine  
  27  3:05  Marine  
  30  3:09  Refinery  
  30  3:14  SCV  
  31  3:23  SCV  
  31  3:26  SCV, Marine  
  31  3:27  Marine  
  34  3:28  Widow Mine  
  34  3:31  Starport  
  37  3:38  SCV x2  
  39  3:44  Marine x2  
  39  3:45  Orbital Command  
  41  3:50  Widow Mine  
  41  3:51  SCV  
  41  3:52  SCV  
  45  3:56  Refinery  
  45  4:02  Marine x2  
  46  4:03  SCV  
  46  4:07  SCV  
  46  4:09  Medivac  
  51  4:12  Factory Tech Lab  
  51  4:15  SCV  
  51  4:16  SCV  
  53  4:19  SCV  
  53  4:21  Marine x2  
  56  4:27  Barracks  
  56  4:31  SCV x2  
  58  4:34  Siege Tank, Supply Depot  
  61  4:38  Barracks  
  61  4:40  Starport Tech Lab  
  61  4:54  Refinery  
  61  4:56  Engineering Bay, SCV x3, Marine x2  
  61  4:57  Engineering Bay, Supply Depot  
  68  5:08  SCV  
Show
View Real Time Build Order
Export as new Build Order

A.I. 1 (Very Easy) Protoss - Winner!

Build Orders:  

Get SALT Encoding   

  12  0:00  Probe  
  13  0:13  Probe  
  14  0:19  Pylon  
  14  0:37  Assimilator  
  14  0:43  Gateway  
  14  0:45  Pylon  
  14  1:13  Assimilator  
  14  1:22  Probe  
  14  1:23  Zealot  
  14  1:30  Probe  
  17  1:34  Cybernetics Core  
  18  1:40  Probe  
  19  1:52  Probe  
  20  2:01  Probe  
  21  2:09  Probe, Warp Gate  
  22  2:45  Stalker  
Tags
 
Add a new tag
Caveats
  • Supply blocks, unpowered buildings, or Contaminate may cause inaccurate times.
  • Supply counts are checked every 10 seconds.